 Dungeon Crawl Stone Soup version 0.28-a0-48-gfd831c5874 (webtiles) character file.

Game seed: 8377865659462049441

193 karkarkar the Chopper (level 5, 0/47 HPs)
             Began as a Minotaur Berserker on July 29, 2021.
             Was a Believer of Trog.
             Slain by an iguana (5 damage)
             ... on level 5 of the Dungeon.
             The game lasted 00:06:11 (2837 turns).

karkarkar the Chopper (Minotaur Berserker)          Turns: 2837, Time: 00:06:12

Health: 0/47       AC:  3    Str: 22    XL:     5   Next: 44%
Magic:  4/4        EV: 12    Int:  4    God:    Trog [**....]
Gold:   106        SH:  0    Dex: 10    Spells: 4/4 levels left

rFire   . . .      SeeInvis .   a - +0 hand axe
rCold   . . .      Faith    .   (no shield)
rNeg    . . .      Spirit   .   e - +0 leather armour
rPois   .          Reflect  .   (helmet restricted)
rElec   .          Harm     .   (no cloak)
rCorr   .          Rampage  .   (no gloves)
Will    .....                   (no boots)
Stlth   +.........              (no amulet)
HPRegen 0.15/turn               (no ring)
MPRegen 0.09/turn               (no ring)

@: no status effects
A: horns 2, retaliatory headbutt
a: Renounce Religion, Berserk, Trog's Hand


You were on level 5 of the Dungeon.
You worshipped Trog.
Trog was pleased with you.
You visited 1 branch of the dungeon, and saw 5 of its levels.

You collected 106 gold pieces.

Inventory:

Hand Weapons
 a - a +0 hand axe (weapon)
Armour
 e - a +0 leather armour (worn)
Wands
 h - a wand of iceblast (10)
Scrolls
 f - a scroll of enchant weapon {unknown}
Potions
 c - 2 potions of heal wounds
 d - 2 potions of curing {unknown}
 g - 2 potions of attraction {unknown}


   Skills:
 + Level 4.8 Fighting
 + Level 5.3 Axes
 + Level 3.2 Armour
 + Level 3.3 Dodging
 + Level 1.0 Stealth


You had 4 spell levels left.
You didn't know any spells.
Your spell library was empty.

Dungeon Overview and Level Annotations

Branches:
Dungeon (5/15)             Temple (0/1) D:4

Altars:
Dithmenos

Shops:
D:1 !


Innate Abilities, Weirdness & Mutations

You have a pair of horns on your head.
You reflexively headbutt those who attack you in melee.


Message History

a +0 dagger; a +0 robe; an orc corpse You completely miss the orc.
The orc is moderately wounded.
You hit the orc but do no damage. You hit the necrophage.
The necrophage hits you. The orc hits you but does no damage.
The orc misses you.
You hit the orc. Your headbutt misses the orc.
The orc is almost dead.
You hit the necrophage. You hit the orc but do no damage.
The necrophage hits you but does no damage.
The orc hits you with a +0 hand axe. The orc closely misses you.
You furiously retaliate!
You headbutt the orc. You hit the necrophage.
Your headbutt misses the necrophage.
The necrophage is lightly damaged.
You hit the orc but do no damage. x2
Your skin stops crawling.
You feel less strong-willed. The necrophage misses you.
The orc closely misses you. You furiously retaliate!
You headbutt the orc, but do no damage. The orc misses you.
You hit the necrophage.
The necrophage is moderately damaged.
You hit the iguana. You closely miss the orc. You barely miss the orc.
The necrophage hits you but does no damage.
The orc hits you with a +0 hand axe. The orc barely misses you.
You furiously retaliate!
You headbutt the orc. The iguana bites you!
* * * LOW HITPOINT WARNING * * *
The necrophage barely misses you. You furiously retaliate!
You headbutt the necrophage! You barely miss the orc. You headbutt the orc.
You kill the orc!
Trog accepts your kill.
You hit the iguana. You hit the necrophage. The necrophage hits you.
* * * LOW HITPOINT WARNING * * *
The iguana closely misses you. You furiously retaliate!
You headbutt the iguana. You hit the orc.
You kill the orc!
Trog accepts your kill.
You hit the iguana. You hit the necrophage. The necrophage closely misses you.
The iguana bites you.
You die...

......#####
...........#
...........#
...........#
...........#
...........#
...........#
........n)l#
.!.....<.@.#
...........#
...............
............>..
......$........#
.......####......
....... ......
....... #+##..


You could see a necrophage and an iguana.

Vanquished Creatures
  2 iguanas (D:4)
  An orc wizard (D:5)
  3 gnolls (D:4)
  3 adders
  An ufetubus (D:4)
  7 orcs
  2 endoplasms
  3 giant cockroaches
  3 goblins (D:2)
  2 hobgoblins
  4 jackals (D:1)
  2 kobolds
  3 quokkas
  6 ball pythons
  2 bats (D:2)
  5 frilled lizards
  8 rats
57 creatures vanquished.

Notes
Turn   | Place    | Note
-------+----------+-------------------------------------------
     0 | D:1      | karkarkar the Minotaur Berserker began the quest for the
                  | Orb.
     0 | D:1      | Reached XP level 1. HP: 19/19 MP: 0/0
   144 | D:1      | Found Foil's Distillery.
   203 | D:1      | Reached XP level 2. HP: 21/27 MP: 1/1
   690 | D:2      | Reached skill level 4 in Axes
   694 | D:2      | Reached ** piety under Trog
   868 | D:2      | Found a shadowy altar of Dithmenos.
  1005 | D:3      | Reached XP level 3. HP: 32/33 MP: 2/2
  1650 | D:4      | Found a staircase to the Ecumenical Temple.
  1705 | D:4      | Reached XP level 4. HP: 18/41 MP: 3/3
  2400 | D:4      | Reached skill level 5 in Axes
  2617 | D:4      | Reached XP level 5. HP: 47/47 MP: 4/4
  2655 | D:4      | Reached skill level 1 in Stealth
  2822 | D:5      | Entered Level 5 of the Dungeon
  2822 | D:5      | Noticed a necrophage
  2837 | D:5      | Slain by an iguana

Illustrated notes

Levels and vault maps discovered:
D:1:      eino_arrival_druids_welcome, layout_loops_ring, serial_shops,
          shop_fountains
D:2:      layout_rooms, basic_altar, minmay_misc_feat_rows
D:3:      layout_loops_cross
D:4:      layout_loops_cross, minmay_temple_entry_from_below_a
D:5:      layout_gridville, serial_shops, nicolae_shop_behind_doors,
          uniq_duvessa

Skill      XL: |  1  2  3  4  5 |
---------------+----------------+-----
Fighting       | 4 |  4.8
Axes           | 4 5 |  5.3
Dodging        | 3 |  3.3
Armour         | 3 |  3.2
Stealth        | 1 |  1.0

Action                   |  1- 3 |  4- 6 || total
-------------------------+-------+-------++-------
Melee: Hand axe          |    89 |    44 ||   133
       Headbutt          |     7 |     7 ||    14
Invok: Trog's Hand       |     1 |     3 ||     4
  Use: Scroll            |     3 |     2 ||     5
       Potion            |     2 |       ||     2
 Stab: Sleeping          |     1 |       ||     1
Armor: Animal skin       |     3 |       ||     3
       Leather armour    |    14 |    11 ||    25
Dodge: Dodged            |    66 |    44 ||   110

Table legend: (Time is in decaauts)
 A = Elapsed time spent in this place.
 B = Non-inter-level travel time spent in this place.
 C = Inter-level travel time spent in this place.
 D = Time resting spent in this place.
 E = Time spent auto-exploring this place.
 F = Levels seen in this place.
 G = Mean time per level.
                   A        B        C        D        E       F      G
               +--------+--------+--------+--------+--------+-----+--------+
         Total |   2846 |   2837 |      9 |    393 |   1956 |   5 |  569.2 |
       Dungeon |   2846 |   2837 |      9 |    393 |   1956 |   5 |  569.2 |
               +--------+--------+--------+--------+--------+-----+--------+

Top non-repeatable levels by time:
     D:4: 1273 daAuts
     D:1: 629 daAuts
     D:3: 552 daAuts
     D:2: 376 daAuts
     D:5: 15 daAuts
